 Dungeon Crawl Stone Soup version 0.31-a0-237-g2d982f9f85 (webtiles) character file.

Game seed: 2867480789585459675

151 qw the Shooter (level 5, -3/30 HPs)
             Began as a Gargoyle Hexslinger on July 10, 2023.
             Slain by Natasha (4 damage)
             ... on level 3 of the Dungeon.
             The game lasted 00:00:45 (1601 turns).

qw the Shooter (Gargoyle Hexslinger)                Turns: 1601, Time: 00:00:45

Health: -3/30      AC:  8    Str: 11    XL:     5   Next: 33%
Magic:  6/6        EV: 11    Int: 14    God:
Gold:   65         SH:  0    Dex: 14    Spells: 5/6 levels left

rFire   . . .        Y - +3 sling
rCold   . . .        (no shield)
rNeg    + . .        a - +0 leather armour
rPois   inf          (no helmet)
rElec   +            (no cloak)
rCorr   .            b - +0 pair of gloves
SInv    .            (no boots)
Will    .....        (no amulet)
Stlth   +            (no ring)
HPRegen 0.25/turn    (no ring)
MPRegen 0.10/turn

%: no passive effects
@: no status effects
A: sickness immunity, AC +4, negative energy resistance 1, electricity
resistance, torment resistance 1, petrification resistance
a: no special abilities


You were on level 3 of the Dungeon.
You visited 1 branch of the dungeon, and saw 3 of its levels.

You collected 65 gold pieces.


Innate Abilities, Weirdness & Mutations

You are immune to sickness and miasma.
Your stone body is resilient. (AC +4)
You are immune to poison.
You resist negative energy. (rN+)
You are resistant to electric shocks. (rElec)
You are resistant to unholy torment.
You are immune to petrification.


   Skills:
 + Level 2.0 Fighting
 - Level 5.1 Ranged Weapons
 - Level 1.5 Dodging
 - Level 1.0 Spellcasting
 - Level 2.6 Hexes


You had 5 spell levels left.
You knew the following spells:

 Your Spells              Type           Power      Damage    Failure   Level
a - Slow                  Hex            32%        N/A       12%         1

Your spell library contained the following spells:

 Spells                   Type           Power      Damage    Failure   Level
 Inner Flame              Hex/Fire       4%         N/A       52%         3
 Portal Projectile        Hex/Tloc       8%         N/A       52%         3
 Cause Fear               Hex            4%         N/A       75%         4

Inventory:

Hand Weapons
 Y - a +3 sling (weapon)
Armour
 a - a +0 leather armour (worn)
 b - a +0 pair of gloves (worn)
 c - a +0 ring mail
Potions
 d - a potion of lignification {unknown}
 e - a potion of mutation {unknown}
 g - a potion of curing {unknown}

Dungeon Overview and Level Annotations

Branches:
Dungeon (3/15)

Altars:
Dithmenos

Annotations:
D:3 Natasha


Message History

You shoot a sling bullet. The sling bullet barely misses Natasha.
Natasha claws you.
You shoot a sling bullet.
The sling bullet closely misses Natasha.
Natasha closely misses you.
You shoot a sling bullet. The sling bullet hits Natasha.
Natasha is moderately wounded.
Natasha closely misses you.
You shoot a sling bullet.
The sling bullet hits Natasha but does no damage.
Natasha is moderately wounded.
Natasha completely misses you.
You shoot a sling bullet. The sling bullet hits Natasha.
Natasha is severely wounded.
Natasha casts a spell at you. You resist with some effort.
Natasha casts a spell.
You shoot a sling bullet.
The sling bullet hits Natasha but does no damage.
Natasha is severely wounded.
The cerulean imp barely misses you. Natasha barely misses you.
You shoot a sling bullet. The sling bullet hits Natasha.
Natasha is almost dead.
The cerulean imp closely misses you. Natasha claws you.
You shoot a sling bullet.
The sling bullet closely misses Natasha.
Natasha hisses.
Natasha closely misses you.
The cerulean imp hits you but does no damage.
You shoot a sling bullet.
The sling bullet closely misses Natasha.
The cerulean imp barely misses you. Natasha claws you.
You shoot a sling bullet. The sling bullet barely misses Natasha.
Natasha barely misses you.
The cerulean imp hits you with a +0 spear.
You shoot a sling bullet. The sling bullet barely misses Natasha.
Natasha misses you.
The cerulean imp hits you but does no damage.
The cerulean imp closely misses you. Natasha claws you.
You die...

######.# ###
###########.....###..#
.......>....####.#.#.##.
##########.....5.h..)...
# ##.#...@...)... #
#.#...#.#..... #
#.##.##.# ##. # ..##.#
.# # #.##.# .# # #....#
.. # #. ... .. # #### ##
#


You could see Natasha and a cerulean imp (summoned).

Vanquished Creatures
  Ijyb (D:3)
  Natasha (twice) (D:3)
  2 adders
  A dart slug (D:2)
  4 ball pythons
  8 endoplasms
  4 giant cockroaches (D:1)
  5 hobgoblins (D:2)
  3 jackals (D:2)
  3 quokkas
  3 frilled lizards
  6 goblins
  4 kobolds
  7 rats
53 creatures vanquished.

Notes
Turn   | Place    | Note
-------+----------+-------------------------------------------
     0 | D:1      | qw the Gargoyle Hexslinger began the quest for the Orb.
     0 | D:1      | Reached XP level 1. HP: 12/12 MP: 2/2
     0 | D:1      | 0 ||| qw: Version: 0.3-a-52-g30416fa
     0 | D:1      | 0 ||| qw: Game counter: 5016
     0 | D:1      | 0 ||| qw: Melee chars always use a shield: true
     0 | D:1      | 0 ||| qw: God list: Okawaru
     0 | D:1      | 0 ||| qw: Allow faded altars: false
     0 | D:1      | 0 ||| qw: Do Orc after clearing Dungeon:15 true
     0 | D:1      | 0 ||| qw: Do second Lair branch before Depths: true
     0 | D:1      | 0 ||| qw: Lair rune preference: random
     0 | D:1      | 0 ||| qw: Goals: Normal
     0 | D:1      | 0 ||| PLANNING D:1-11
    59 | D:1      | Reached XP level 2. HP: 16/16 MP: 3/3
   223 | D:1      | Reached skill level 3 in Ranged Weapons
   391 | D:1      | Reached XP level 3. HP: 21/21 MP: 4/4
   638 | D:1      | 638 ||| READING scroll labelled MUT HESAKHLUM.
   639 | D:1      | 639 ||| READING 2 scrolls labelled UFROTTOEXA.
   640 | D:1      | 640 ||| READING scroll of enchant weapon.
   640 | D:1      | 640 ||| ENCHANTING +2 sling.
   641 | D:1      | 641 ||| READING scroll labelled VAUCSEM JUPSIM.
   642 | D:1      | 642 ||| DROPPING scroll of poison.
   805 | D:2      | Found a shadowy altar of Dithmenos.
  1032 | D:2      | Reached XP level 4. HP: 26/26 MP: 5/5
  1235 | D:2      | 1235 ||| UPGRADING to +0 leather armour.
  1245 | D:2      | 1245 ||| UPGRADING to +0 pair of gloves.
  1250 | D:2      | 1250 ||| DROPPING +0 robe.
  1251 | D:2      | 1251 ||| READING scroll labelled NAANAE NEUFFEACILU.
  1252 | D:2      | 1252 ||| READING scroll labelled YNEPIU METTE.
  1290 | D:3      | Reached skill level 4 in Ranged Weapons
  1316 | D:3      | Noticed Ijyb
  1330 | D:3      | Killed Ijyb
  1452 | D:3      | Noticed Natasha
  1464 | D:3      | Killed Natasha
  1465 | D:3      | Reached XP level 5. HP: 18/30 MP: 6/6
  1474 | D:3      | Noticed Natasha
  1490 | D:3      | Killed Natasha
  1491 | D:3      | Reached skill level 5 in Ranged Weapons
  1583 | D:3      | Noticed Natasha
  1597 | D:3      | HP: 6/30 [Natasha (6)]
  1600 | D:3      | HP: 1/30 [cerulean imp/+0 spear[Natasha] (4)]
  1601 | D:3      | Slain by Natasha

Levels and vault maps discovered:
D:1:      scummos_arrival_forest, layout_basic
D:2:      layout_loops_cross, basic_altar, chequers_serial_rivers_micro_a
D:3:      layout_loops_ring, uniq_natasha, uniq_terence, uniq_ijyb, uniq_grinder

Skill      XL: |  1  2  3  4  5 |
---------------+----------------+-----
Ranged Weapons | 3 4 5 |  5.1
Fighting       | 2 |  2.0
Dodging        | |  1.5
Spellcasting   | |  1.0
Hexes          | |  2.6

Action                     |  1- 3 |  4- 6 || total
---------------------------+-------+-------++-------
   Fire: Sling             |   119 |    76 ||   195
    Use: Scroll            |     4 |     2 ||     6
 Armour: Robe              |    17 |       ||    17
         Leather armour    |       |    14 ||    14
  Dodge: Dodged            |    31 |    25 ||    56

Table legend:
 A = Non-vault XP
 B = Vault XP
 C = Vault XP percentage of total XP
 D = Non-vault monster count
 E = Vault monster count
 F = Vault count percentage of total count
                 A         B        C        D         E       F
            +---------+---------+-------+---------+---------+-------
      Total |     146 |      71 |  32.7 |      51 |       2 |   3.8
            +---------+---------+-------+---------+---------+-------
        D:1 |      40 |       0 |   0.0 |      24 |       0 |   0.0
        D:2 |      49 |       0 |   0.0 |      20 |       0 |   0.0
        D:3 |      57 |      71 |  55.5 |       7 |       2 |  22.2
            +---------+---------+-------+---------+---------+-------
